 Dungeon Crawl Stone Soup version 0.28.0-45-g0d030f2227 (webtiles) character file.

Game seed: 17739359536526750321

300 protoss039 the Digger (level 6, 0/47 HPs)
             Began as a Demonspawn Earth Elementalist on May 30, 2022.
             Slain by a steam dragon (4 damage)
             ... on level 4 of the Dungeon.
             The game lasted 00:06:05 (5209 turns).

protoss039 the Digger (DsEE)                        Turns: 5209, Time: 00:06:06

Health: 0/47       AC:  6    Str:  8    XL:     6   Next: 13%
Magic:  3/10       EV: 11    Int: 19    God:
Gold:   323        SH:  0    Dex: 13    Spells: 4/10 levels left

rFire   . . .      SeeInvis +   m - +0 spear
rCold   . . .      Faith    .   (no shield)
rNeg    . . .      Spirit   .   l - +0 leather armour
rPois   .          Reflect  .   (no helmet)
rElec   .          Harm     .   (no cloak)
rCorr   .          Rampage  .   o - +0 pair of gloves
Will    .....                   s - +1 pair of boots
Stlth   ++........              (no amulet)
HPRegen 0.15/turn               g - ring of see invisible
MPRegen 0.12/turn               (no ring)

@: very slightly contaminated
A: claws 1, powered by pain 1
a: no special abilities


You were on level 4 of the Dungeon.
You visited 1 branch of the dungeon, and saw 4 of its levels.

You collected 323 gold pieces.

Inventory:

Hand Weapons
 m - a +0 spear (weapon)
Missiles
 c - 41 stones
Armour
 l - a +0 leather armour (worn)
 o - a +0 pair of gloves (worn)
 s - a +1 pair of boots (worn)
Jewellery
 g - a ring of see invisible (left hand)
Wands
 f - a wand of acid (7)
 t - a wand of charming (7)
Scrolls
 d - a scroll of torment {unknown}
 e - 3 scrolls of identify {unknown}
 h - a scroll of fear {unknown}
 j - 2 scrolls of enchant weapon {unknown}
 k - a scroll of teleportation {unknown}
 n - a scroll of blinking {unknown}
 u - 2 scrolls of holy word {unknown}
Potions
 a - a potion of resistance {unknown}
 b - 2 potions of curing {unknown}
 i - 2 potions of mutation {unknown}
 p - a potion of brilliance {unknown}
 q - 2 potions of flight {unknown}
 r - 2 potions of lignification {unknown}
 v - a potion of degeneration {unknown}


   Skills:
 * Level 3.1 Fighting
 + Level 2.0 Armour
 - Level 1.7 Dodging
 - Level 1.7 Stealth
 + Level 2.9 Spellcasting
 * Level 2.4 Conjurations
 - Level 1.0 Transmutations
 + Level 3.5 Earth Magic


You had 4 spell levels left.
You knew the following spells:

 Your Spells              Type           Power      Damage    Failure   Level
a - Sandblast             Erth           32%        2d9       4%          1
b - Passwall              Tmut/Erth      9%         N/A       13%         2
c - Stone Arrow           Conj/Erth      28%        3d8       19%         3

Your spell library contained the following spells:

 Spells                   Type           Power      Damage    Failure   Level
 Summon Guardian Golem    Hex/Summ       2%         N/A       54%         3
 Petrify                  Tmut/Erth      11%        N/A       65%         4
 Orb of Destruction       Conj           6%         9d6       100%        7
 Spellforged Servitor     Conj/Summ      3%         N/A       100%        7


Dungeon Overview and Level Annotations

Branches:
Dungeon (4/15)
 Temple: D:4-7

Altars:
Gozag


Innate Abilities, Weirdness & Mutations

You have sharp fingernails.
You sometimes gain a little power by taking damage.


Message History

Press: ? - help, Shift-Dir - straight line, f/p - steam dragon
Aim: a steam dragon (79% to hit)
The blast of sand hits the steam dragon!
The steam dragon is moderately wounded.
The hound closely misses you. The steam dragon bites you.
The steam dragon claws you but does no damage.
The hound bites you but does no damage.
Casting: Sandblast (safe; 4% risk of failure)
Confirm with . or Enter, or press ? or * to list all spells.
Aiming: Sandblast (safe; 4% risk of failure)
Press: ? - help, Shift-Dir - straight line, f/p - steam dragon
Aim: a steam dragon (moderately wounded, 79% to hit)
The blast of sand hits the steam dragon but does no damage.
The steam dragon is moderately wounded.
The hound barely misses you. The steam dragon breathes steam at you.
The ball of steam hits you!
Casting: Sandblast (safe; 4% risk of failure)
Confirm with . or Enter, or press ? or * to list all spells.
Aiming: Sandblast (safe; 4% risk of failure)
Press: ? - help, Shift-Dir - straight line, f/p - steam dragon
Aim: a steam dragon (moderately wounded, catching its breath, 79% to hit)
The blast of sand hits the steam dragon.
The steam dragon is moderately wounded.
You are engulfed in a cloud of scalding steam.
The hound bites you. The steam dragon bites you.
The steam dragon claws you but does no damage.
The hound bites you.
Casting: Sandblast (safe; 4% risk of failure)
Confirm with . or Enter, or press ? or * to list all spells.
Aiming: Sandblast (safe; 4% risk of failure)
Press: ? - help, Shift-Dir - straight line, f/p - steam dragon
Aim: a steam dragon (moderately wounded, catching its breath, 79% to hit)
The blast of sand hits the steam dragon but does no damage.
The steam dragon is moderately wounded.
You are engulfed in a cloud of scalding steam.
* * * LOW HITPOINT WARNING * * *
The hound bites you but does no damage. The steam dragon misses you.
The steam dragon claws you.
You die...

##.....####
###....#
#....
#####.....#
###......#
##### ....#
...
#........#
# #####
...#
#........#
# ..(.#
#.########
# .....#
#.# #
#.....##.#
#
#....D#ยง#
# #....h@.#
# #########
# # # #


You could see a steam dragon (catching breath) and a hound.

Vanquished Creatures
  An ogre (D:4)
  A hound (D:4)
  A bullfrog skeleton (D:4)
  A centaur skeleton (D:4)
  A hound skeleton (D:4)
  4 adders
  3 worms
  An orc (D:4)
  2 endoplasms
  4 giant cockroaches
  4 goblins
  5 hobgoblins
  13 jackals
  4 quokkas
  4 ball pythons
  6 bats
  2 frilled lizards
  10 kobolds
  4 rats (D:1)
71 creatures vanquished.

Vanquished Creatures (others)
  6 plants
6 creatures vanquished.

Grand Total: 77 creatures vanquished

Notes
Turn   | Place    | Note
-------+----------+-------------------------------------------
     0 | D:1      | protoss039 the Demonspawn Earth Elementalist began the
                  | quest for the Orb.
     0 | D:1      | Reached XP level 1. HP: 13/13 MP: 3/3
   155 | D:2      | Reached skill level 1 in Transmutations
   657 | D:2      | Gained mutation: You have sharp fingernails. [demonic
                  | ancestry]
   657 | D:2      | Reached XP level 2. HP: 20/20 MP: 5/5
   711 | D:2      | Reached skill level 1 in Fighting
  1321 | D:2      | Reached XP level 3. HP: 20/26 MP: 6/6
  1343 | D:2      | Reached skill level 1 in Armour
  2279 | D:1      | Found a faded altar of an unknown god.
  2630 | D:2      | Learned a level 2 spell: Passwall
  2635 | D:2      | Learned a level 3 spell: Stone Arrow
  2893 | D:3      | Reached XP level 4. HP: 26/33 MP: 4/7
  3854 | D:4      | Reached skill level 1 in Conjurations
  4147 | D:4      | Gained mutation: You sometimes gain a little power by
                  | taking damage. [demonic ancestry]
  4147 | D:4      | Reached XP level 5. HP: 35/39 MP: 5/8
  4204 | D:4      | Found an opulent altar of Gozag.
  4431 | D:4      | Noticed an ogre
  4441 | D:4      | Killed an ogre
  4969 | D:4      | Reached XP level 6. HP: 46/47 MP: 6/10
  5199 | D:4      | Noticed a steam dragon
  5209 | D:4      | Slain by a steam dragon

Illustrated notes

Levels and vault maps discovered:
D:1:      psy_arrival_dodecagon, layout_rooms, dreamdust_ecumenical_altar_grove,
          minmay_curled_crystal
D:2:      layout_loops_ring
D:3:      layout_loops_ring, serial_forest, infiniplex_forest_zigzag_1,
          infiniplex_forest_corner_1, infiniplex_forest_clump_double,
          infiniplex_forest_end_1, infiniplex_forest_side_room,
          infiniplex_forest_clump_double, infiniplex_forest_straight_4,
          minivault_23
D:4:      layout_basic, grunt_gozag_breadcrumbs, minivault_1,
          serial_bayou_lagoon_a, minmay_crossroads

Skill      XL: |  1  2  3  4  5  6 |
---------------+-------------------+-----
Transmutations | 1 |  1.0
Fighting       | 1 2 3 |  3.1
Earth Magic    | 3 |  3.5
Armour         | 1 2 |  2.0
Conjurations   | 1 2 |  2.4
Dodging        | |  1.7
Stealth        | |  1.7
Spellcasting   | |  2.9

Action                   |  1- 3 |  4- 6 || total
-------------------------+-------+-------++-------
Melee: Dagger            |    20 |       ||    20
       Short sword       |    90 |       ||    90
       Spear             |    68 |    97 ||   165
       Punch             |     6 |     1 ||     7
 Cast: Sandblast         |    27 |    37 ||    64
 Stab: Sleeping          |     6 |     1 ||     7
Armor: Robe              |    32 |       ||    32
       Leather armour    |    33 |    45 ||    78
Dodge: Dodged            |   133 |    83 ||   216
